 Dungeon Crawl Stone Soup version 0.18.1-48-g4cf74bf (webtiles) character file.

133354 rjaguar3 the Bludgeoner (level 16, -7/157 HPs)
             Began as a Minotaur Berserker on July 17, 2016.
             Was a High Priest of Trog.
             Hit by a javelin of penetration thrown by a merfolk javelineer (22 damage)
             ... on level 4 of the Shoals.
             The game lasted 03:01:14 (33346 turns).

rjaguar3 the Bludgeoner (Minotaur Berserker)       Turns: 33346, Time: 03:01:15

Health: -7/157     AC: 14    Str: 23    XL:     16   Next: 59%
Magic:  20/20      EV: 23    Int:  4    God:    Trog [*****.]
Gold:   2608       SH:  0    Dex: 20    Spells: 0 memorised, 15 levels left

rFire  + + .     SeeInvis +     O - +6 hunting sling of Currency {flame, rPois rF+ SInv}
rCold  . . .     Gourm    .     U - +2 robe {rF+}
rNeg   . . .     Faith    .     (no shield)
rPois  +         Spirit   .     K - +1 hat
rElec  .         Dismiss  .     Y - +0 cloak {+Inv}
rCorr  .         Reflect  .     x - +2 pair of gloves
SustAt .         Harm     .     D - +2 pair of boots of Broken Taboos {Dex+4}
MR     +....                    (no amulet)
Stlth  +++.......               L - +6 ring of slaying
                                a - ring of flight

@: about to teleport, somewhat resistant to hostile enchantments, fairly
stealthy
A: retaliatory headbutt, horns 2
a: Berserk, Trog's Hand, Brothers in Arms, Burn Spellbooks, Renounce Religion,
Evoke Invisibility, Evoke Flight


You were on level 4 of the Shoals.
You worshipped Trog.
Trog was extremely pleased with you.
You were very hungry.

You visited 4 branches of the dungeon, and saw 28 of its levels.

You collected 2724 gold pieces.
You spent 116 gold pieces at shops.

Inventory:

Hand Weapons
 s - a +5 blowgun
 F - a +3 dire flail of holy wrath
 J - a +3 mace of freezing
 O - the +6 hunting sling of Currency (weapon) {flame, rPois rF+ SInv}
   (You took it off a merfolk impaler on level 2 of the Shoals)

   It causes projectiles fired from it to burn those they strike, causing extra
   injury to most foes and up to half again as much damage against particularly
   susceptible opponents.
   It protects you from fire.
   It protects you from poison.
   It lets you see invisible.
 T - a +9 antimagic dire flail
 X - the +8 hunting sling of Tait {venom, rElec rF+ rN+ MR+}
   (Trog gifted it to you on level 7 of the Lair of Beasts)

   It poisons the ammo it fires.
   It protects you from fire.
   It insulates you from electricity.
   It protects you from negative energy.
   It affects your resistance to hostile enchantments.
Missiles
 n - 2 steel javelins
 t - 68 tomahawks
 z - 307 sling bullets (quivered)
 I - 7 silver tomahawks
Armour
 x - a +2 pair of gloves (worn)
 D - the +2 pair of boots of Broken Taboos (worn) {Dex+4}
   (You found it on level 7 of the Lair of Beasts)

   It affects your dexterity (+4).
 E - a +1 buckler of fire resistance
 K - a +1 hat (worn)
 U - a +2 robe of fire resistance (worn)
 Y - a +0 cloak of invisibility (worn)
Rods
 R - a +5 rod of shadows (9/9)
   (You found it on level 8 of the Lair of Beasts)
Jewellery
 a - a ring of flight (left hand)
 p - a +3 ring of protection
 r - an uncursed ring of protection from magic
 y - an uncursed ring of ice
 L - a +6 ring of slaying (right hand)
Wands
 v - a wand of lightning (2/15)
 w - a wand of disintegration (15/24)
 A - a wand of hasting (6/9)
 H - a wand of teleportation (3/9)
 P - a wand of slowing (10/48)
 W - a wand of flame (32/48)
Scrolls
 b - a scroll of identify
 d - 6 scrolls of recharging
 g - 2 scrolls of magic mapping
 l - 4 scrolls of teleportation
 m - 10 scrolls of remove curse
Potions
 e - 5 potions of agility
 j - 7 potions of might
 k - 8 potions of heal wounds
 o - 4 potions of cancellation
 B - 9 potions of flight
 C - 4 potions of curing
 M - 5 potions of ambrosia
Books
 Q - a book of Unlife

   Spells                             Type                      Level
   a - Recall                         Summoning/Translocation      3
   b - Animate Dead                   Necromancy                   4
   c - Control Undead                 Necromancy                   4
   d - Cigotuvi's Embrace             Necromancy                   5
   e - Death Channel                  Necromancy                   6
   f - Simulacrum                     Ice/Necromancy               6
   Trog disapproves of the use of such an item.
 V - a book of Conjurations

   Spells                             Type                      Level
   a - Magic Dart                     Conjuration                  1
   b - Searing Ray                    Conjuration                  2
   c - Dazzling Spray                 Conjuration/Hexes            3
   d - Fulminant Prism                Conjuration/Hexes            4
   e - Iskenderun's Mystic Blast      Conjuration                  4
   f - Iskenderun's Battlesphere      Conjuration/Charms           5
   Trog disapproves of the use of such an item.
 Z - a book of Ice

   Spells                             Type                      Level
   a - Ice Form                       Ice/Transmutation            4
   b - Metabolic Englaciation         Hexes/Ice                    5
   c - Ozocubu's Refrigeration        Ice                          6
   d - Bolt of Cold                   Conjuration/Ice              6
   e - Freezing Cloud                 Conjuration/Ice/Air          6
   f - Simulacrum                     Ice/Necromancy               6
   Trog disapproves of the use of such an item.
Comestibles
 c - 7 bread rations
 f - 27 fruits
 h - a slice of pizza
 u - 11 royal jellies
 G - 3 beef jerkies
 N - 12 meat rations


   Skills:
 * Level 18.0 Fighting
 + Level 18.5 Maces & Flails
 * Level 11.0(11.3) Slings
 + Level 3.8(7.6) Throwing
 + Level 10.6 Armour
 + Level 12.0 Dodging
 + Level 5.4 Stealth
 + Level 3.9 Shields
 + Level 7.7 Evocations


You had 15 spell levels left.
You didn't know any spells.

Dungeon Overview and Level Annotations

Branches:
Dungeon (14/15)            Temple (0/1) D:5            Lair (8/8) D:9
 Shoals (4/4) Lair:5       Spider (0/4) Lair:4        Slime (0/6) Lair:6
    Orc (2/2) D:10            Elf (0/3) Orc:2        Vaults (0/5) D:14

Altars:
Cheibriados
Dithmenos
Fedhas
Gozag
Kikubaaqudgha
Nemelex Xobeh
Pakellas
Ru
Sif Muna
Vehumet
Yredelemnul
Zin
The Shining One
Beogh
Jiyva

Shops:
D:8 }   D:13 (   Orc:2 %%}[   Shoals:2 [*   Shoals:3 [

Annotations:
Lair:4 exclusion: orb spider
Shoals:1 exclusion: kraken
Shoals:2 Roxanne
Shoals:4 Ilsuiw


Innate Abilities, Weirdness & Mutations

You reflexively headbutt those who attack you in melee.
You have a pair of horns on your head.


Message History

The merfolk impaler completely misses you.
Read which item? (? for menu, Esc to quit)
As you read the scroll of teleportation, it crumbles to dust.
You feel strangely unstable.
The merfolk impaler hits you from afar with a trident of protection!
The merfolk javelineer throws a javelin of penetration.
The javelin of penetration misses you.
The merfolk impaler completely misses you. x2
Firing (i - inventory. (,) - cycle):
z - 308 sling bullets (quivered)
Press: ? - help, Shift-Dir - straight line, f - merfolk impaler, p - Ilsuiw
Aim: a merfolk impaler, wielding a trident of piercing and wearing a robe (blue smoke, almost dead)
You shoot a sling bullet.
The sling bullet closely misses the merfolk impaler.
Ilsuiw gestures at you while chanting. The shard of ice hits you!
* * * LOW HITPOINT WARNING * * *
The merfolk impaler misses you.
The merfolk javelineer throws a javelin of penetration.
The javelin of penetration pierces through you!!
You die...

≈≈≈..$............(.(≈≈
≈≈≈≈..≈≈≈≈(≈.......(≈≈≈
≈≈≈≈.≈≈≈≈...(.....(((≈≈
≈≈≈≈≈≈≈≈(...........≈≈≈
≈≈....≈≈<..(.......≈≈(
≈..^≈≈≈≈...........≈(
.###.mmm.........#### ≈
##≈<≈≈≈......## ≈
≈≈≈≈####@≈m≈≈≈≈(...##
≈≈ P≈≈≈.P).≈≈≈≈≈P≈≈..##
#≈{ ≈≈≈PP≈≈P≈≈≈≈≈≈≈≈..#


m#m ≈≈≈HPPPP≈P≈≈≈≈≈≈..# ≈≈≈# ≈≈≈≈PP≈≈P≈≈≈P≈P≈..# ≈≈≈≈≈≈≈≈≈≈≈≈≈≈≈≈..≈
≈≈≈≈≈≈≈≈≈≈≈≈≈≈≈≈.. ≈≈≈≈≈≈≈≈≈≈≈≈≈≈≈≈ ≈≈≈≈≈≈≈≈≈≈≈≈≈≈≈ You could see Ilsuiw
(invisible), 2 merfolk impalers, a merfolk javelineer and a manticore.

Vanquished Creatures
  Maud (Lair:3)
  The ghost of PeterLawrence the Fighter, a journeyman MiFi of Okawaru (Orc:2)
  A stone giant (Shoals:2)
  A merfolk javelineer (Shoals:3)
  3 merfolk impalers
  3 vault guards (D:14)
  Erolcha (D:10)
  6 hydras
  3 catoblepae (Lair:8)
  4 merfolk avatars
  A centaur warrior (D:14)
  A merfolk aquamancer (Shoals:3)
  2 satyrs (Shoals:3)
  An ogre mage (Orc:2)
  An orc high priest (Orc:1)
  Urug (D:10)
  25 death yaks
  Sonja (D:10)
  Nergalle (Lair:3)
  2 fire crabs (Shoals:1)
  8 sea snakes
  An unseen horror (D:11)
  12 harpies
  A wizard (D:14)
  2 orc knights
  7 hill giants
  3 deep elf magi
  5 griffons
  A wolf spider (D:11)
  9 cyclopes
  An ugly thing (D:13)
  7 fauns (Shoals:3)
  4 manticores
  9 sirens
  3 centaur zombies
  4 elephants (Lair:7)
  Joseph (D:7)
  Psyche (D:8)
  7 water nymphs
  6 black mambas
  2 gargoyles (D:11)
  12 spiny frogs
  2 torpor snails
  8 komodo dragons
  A yaktaur (D:14)
  2 kobold demonologists (D:14)
  3 rime drakes
  A komodo dragon (shapeshifter) (D:14)
  A harpy zombie (D:14)
  5 trolls
  3 wind drakes
  22 merfolk
  2 two-headed ogres
  22 blink frogs
  Prince Ribbit (D:5)
  7 snapping turtles
  A wyvern (D:13)
  5 water elementals
  48 yaks
  2 fire bats (Shoals:1)
  A wraith (D:11)
  5 basilisks
  20 humans (D:14)
  A hungry ghost (D:11)
  13 hippogriffs
  2 mottled dragons
  6 vampire mosquitoes
  2 wargs (Orc:1)
  2 soldier ants (D:8)
  12 water moccasins
  4 porcupines
  Duvessa (D:7)
  3 sky beasts
  35 orc warriors
  2 black bears
  2 ice beasts
  3 phantoms
  A wasp (D:8)
  2 necrophages
  26 wolves
  15 ogres
  17 crocodiles
  18 centaurs
  The ghost of asdu the Magician, an amateur DEFE (D:4)
  26 giant frogs
  6 big kobolds
  A gnoll sergeant (Orc:1)
  Dowan (D:7)
  4 scorpions
  13 killer bees
  2 howler monkeys (D:9)
  8 wights
  5 electric eels
  4 giant frog zombies
  A quasit (D:11)
  4 crimson imps
  9 hounds
  2 jellies
  13 orc priests
  6 centaur skeletons
  18 orc wizards
  Crazy Yiuf (D:7)
  2 giant frog skeletons
  12 iguanas
  11 worker ants
  50 sheep
  3 hound zombies
  A hound skeleton (D:10)
  A worker ant zombie (D:9)
  4 adders
  11 gnolls
  52 river rats
  4 shadow imps
  2 worms
  2 adder skeletons
  4 dart slugs
  7 giant geckos
  91 orcs
  A ball python (D:4)
  4 giant cockroaches
  2 gnoll zombies (D:7)
  7 goblins
  5 hobgoblins
  7 jackals
  2 quokkas
  A ball python zombie (D:5)
  9 bats
  A giant gecko zombie (D:7)
  4 giant newts
  25 kobolds
  A quokka zombie (D:5)
  24 rats
  A bush (Lair:8)
  A fungus (Lair:7)
  7 plants
979 creatures vanquished.

Vanquished Creatures (collateral kills)
  A frost giant (Shoals:2)
  An orc warlord (Orc:2)
  A troll (Orc:2)
  A warg (Orc:2)
  3 orc warriors (Orc:2)
  An ogre (Orc:2)
  A centaur (Shoals:3)
  An orc wizard (Orc:2)
  3 orcs (Orc:2)
13 creatures vanquished.

Vanquished Creatures (others)
  11 fungi
  32 plants
  8 tentacles (Shoals:1)
  30 tentacle segments (Shoals:1)
81 creatures vanquished.

Grand Total: 1073 creatures vanquished

Notes
Turn   | Place    | Note
--------------------------------------------------------------
     0 | D:1      | rjaguar3 the Minotaur Berserker began the quest for the Orb.
     0 | D:1      | Reached XP level 1. HP: 19/19 MP: 0/0
   407 | D:1      | Reached XP level 2. HP: 21/27 MP: 1/1
  1155 | D:2      | Found a deep blue altar of Sif Muna.
  1275 | D:2      | Reached XP level 3. HP: 31/33 MP: 2/2
  1495 | D:2      | Found an ancient bone altar of Kikubaaqudgha.
  1950 | D:3      | Reached ** piety under Trog
  1958 | D:3      | Reached XP level 4. HP: 41/41 MP: 3/3
  2260 | D:3      | Found a sacrificial altar of Ru.
  2461 | D:3      | Found a glowing golden altar of the Shining One.
  2589 | D:3      | Reached skill level 5 in Maces & Flails
  2673 | D:3      | Reached skill level 1 in Stealth
  2709 | D:3      | Reached XP level 5. HP: 47/47 MP: 4/4
  2890 | D:4      | Noticed asdu's ghost (amateur DEFE)
  2968 | D:4      | Reached skill level 5 in Fighting
  3324 | D:4      | Killed asdu's ghost
  3360 | D:4      | Reached XP level 6. HP: 56/56 MP: 5/5
  3427 | D:4      | Reached *** piety under Trog
  3598 | D:4      | Found a glowing silver altar of Zin.
  3599 | D:4      | Noticed an angel
  3696 | D:5      | Entered Level 5 of the Dungeon
  3789 | D:5      | Reached XP level 7. HP: 62/62 MP: 6/6
  3850 | D:5      | Noticed Prince Ribbit
  3868 | D:5      | Killed Prince Ribbit
  3868 | D:5      | Reached skill level 1 in Slings
  4073 | D:5      | Found a staircase to the Ecumenical Temple.
  4410 | D:5      | You fall through a shaft for 3 floors!
  4504 | D:8      | Reached **** piety under Trog
  4504 | D:8      | Reached XP level 8. HP: 67/71 MP: 7/7
  4680 | D:8      | Reached skill level 5 in Dodging
  4730 | D:8      | Noticed a hill giant
  4741 | D:8      | Killed a hill giant
  4751 | D:8      | Found a shadowy altar of Dithmenos.
  5088 | D:6      | Reached XP level 9. HP: 81/81 MP: 8/8
  5903 | D:7      | Noticed Crazy Yiuf
  5907 | D:7      | Killed Crazy Yiuf
  6245 | D:7      | Noticed Joseph
  6248 | D:7      | Noticed Duvessa
  6250 | D:7      | Noticed Dowan
  6256 | D:7      | Killed Joseph
  6256 | D:7      | Reached skill level 1 in Evocations
  6262 | D:7      | Killed Duvessa
  6269 | D:7      | Killed Dowan
  6307 | D:7      | Reached skill level 10 in Maces & Flails
  6402 | D:7      | Found a basalt altar of Yredelemnul.
  6562 | D:8      | Reached skill level 5 in Armour
  6576 | D:8      | Reached skill level 1 in Throwing
  6651 | D:8      | Found a blossoming altar of Fedhas.
  6665 | D:8      | Noticed Psyche
  6760 | D:9      | Found a staircase to the Lair.
  6779 | D:9      | Reached ***** piety under Trog
  6788 | D:9      | Reached XP level 10. HP: 77/91 MP: 10/10
  6994 | D:9      | Reached skill level 1 in Shields
  7378 | D:9      | Reached skill level 10 in Fighting
  7889 | Lair:1   | Entered Level 1 of the Lair of Beasts
  7889 | Lair:1   | Noticed a black mamba
  7904 | D:9      | Killed a black mamba
  8004 | Lair:1   | Noticed a spiny frog
  8067 | Lair:1   | Got a warped robe
  8074 | Lair:1   | Killed a spiny frog
  8169 | Lair:1   | Noticed a spiny frog
  8174 | Lair:1   | Killed a spiny frog
  8246 | Lair:1   | Reached XP level 11. HP: 88/101 MP: 12/12
  8341 | Lair:1   | Identified the +1 robe of Esas {+Fly rCorr Dex+6 Slay-4} (You found it on level 1 of the Lair of Beasts)
  8499 | Lair:1   | Noticed a four-headed hydra
  8512 | Lair:1   | Killed a four-headed hydra
  9019 | Lair:2   | Received a gift from Trog
  9629 | Lair:3   | Noticed a seven-headed hydra
  9638 | Lair:3   | Killed a seven-headed hydra
  9708 | Lair:3   | Noticed Nergalle
  9715 | Lair:3   | Killed Nergalle
  9795 | Lair:3   | Noticed Maud
  9812 | Lair:3   | Killed Maud
 10512 | Lair:3   | Noticed a death yak
 10512 | Lair:3   | Noticed a death yak
 10516 | Lair:3   | Noticed a death yak
 10517 | Lair:3   | Noticed a death yak
 10520 | Lair:3   | Killed a death yak
 10520 | Lair:3   | Reached XP level 12. HP: 112/112 MP: 4/14
 10524 | Lair:3   | Killed a death yak
 10524 | Lair:3   | Reached skill level 5 in Evocations
 10531 | Lair:3   | Killed a death yak
 10535 | Lair:3   | Killed a death yak
 11404 | Lair:4   | Found a hole to the Spider Nest.
 11468 | Lair:4   | Received a gift from Trog
 12457 | Lair:5   | Found a staircase to the Shoals.
 13735 | Lair:6   | Found a viscous altar of Jiyva.
 13735 | Lair:6   | Found a staircase to the Slime Pits.
 13882 | Lair:6   | Reached skill level 15 in Maces & Flails
 14182 | Lair:6   | Found an oddly glowing altar of Pakellas.
 14465 | Lair:6   | Noticed a six-headed hydra
 14472 | Lair:6   | Killed a six-headed hydra
 14472 | Lair:6   | Reached XP level 13. HP: 97/122 MP: 5/16
 14907 | Lair:7   | Got a pair of ichor-stained boots
 14918 | Lair:7   | Identified the +2 pair of boots of Broken Taboos {Dex+4} (You found it on level 7 of the Lair of Beasts)
 15085 | Lair:7   | Received a gift from Trog
 15092 | Lair:7   | Got a polished hunting sling {god gift}
 15093 | Lair:7   | Identified the +8 hunting sling of Tait {venom, rElec rF+ rN+ MR+} (Trog gifted it to you on level 7 of the Lair of Beasts)
 15498 | Lair:8   | Entered Level 8 of the Lair of Beasts
 15801 | Lair:7   | Reached skill level 5 in Slings
 15811 | Lair:7   | Reached skill level 10 in Armour
 16890 | Lair:8   | Received a gift from Trog
 16998 | Lair:8   | Reached ****** piety under Trog
 17110 | Lair:8   | Received a gift from Trog
 17226 | Lair:8   | Reached XP level 14. HP: 85/133 MP: 6/18
 18156 | D:8      | Killed Psyche
 18211 | D:8      | Found Plog's Gadget Boutique.
 18331 | D:8      | Found a radiant altar of Vehumet.
 18838 | D:10     | Entered Level 10 of the Dungeon
 18844 | D:10     | Noticed Sonja
 18850 | D:10     | Killed Sonja
 18985 | D:10     | Found a staircase to the Orcish Mines.
 19156 | D:10     | Received a gift from Trog
 19242 | D:10     | Noticed Erolcha
 19248 | D:10     | Killed Erolcha
 19248 | D:10     | Reached skill level 15 in Fighting
 19583 | D:10     | Noticed Urug
 19591 | D:10     | Killed Urug
 19745 | D:10     | Received a gift from Trog
 19760 | D:10     | Got a smoking hunting sling {god gift}
 19761 | D:10     | Identified the +8 hunting sling "Itagou" {flame, +Inv Dex+2} (Trog gifted it to you on level 10 of the Dungeon)
 20037 | Orc:1    | Entered Level 1 of the Orcish Mines
 20163 | Orc:2    | Entered Level 2 of the Orcish Mines
 20163 | Orc:2    | Found a staircase to the Elven Halls.
 20401 | Orc:2    | Noticed PeterLawrence's ghost (journeyman MiFi)
 20575 | Orc:2    | Killed PeterLawrence's ghost
 21331 | Orc:2    | Noticed an orc warlord
 21339 | Orc:2    | Received a gift from Trog
 21356 | Orc:2    | Killed an orc warlord
 21496 | Orc:2    | Found a roughly hewn altar of Beogh.
 21770 | Orc:2    | Found Sugh's Gadget Emporium.
 21770 | Orc:2    | Found Pisugekk's Food Boutique.
 21772 | Orc:2    | Found Miump's Food Shop.
 21774 | Orc:2    | Found Kebity's Antique Armour Shoppe.
 21786 | Orc:2    | Bought a glowing scale mail for 116 gold pieces
 22012 | Orc:1    | Found a roughly hewn altar of Beogh.
 22480 | D:11     | Received a gift from Trog
 22706 | D:11     | Found a sparkling altar of Nemelex Xobeh.
 23597 | D:11     | Found an opulent altar of Gozag.
 24162 | D:12     | Reached XP level 15. HP: 144/144 MP: 6/19
 24370 | D:13     | Received a gift from Trog
 24745 | D:13     | Found Jititirch's Weapon Boutique.
 24763 | D:13     | Received a gift from Trog
 25838 | D:14     | Found a gate to the Vaults.
 25844 | D:14     | Reached skill level 5 in Stealth
 26344 | Lair:8   | Reached skill level 10 in Dodging
 26393 | Lair:8   | Received a gift from Trog
 26995 | Lair:8   | Identified a +5 rod of shadows (9/9) (You found it on level 8 of the Lair of Beasts)
 27639 | Shoals:1 | Entered Level 1 of the Shoals
 27775 | Shoals:2 | Found Homigh's Assorted Antiques.
 27983 | Shoals:1 | Noticed a kraken
 28061 | Shoals:1 | Noticed a kraken
 28080 | Shoals:2 | Found a snail-covered altar of Cheibriados.
 28157 | Shoals:2 | Noticed Roxanne
 28167 | Shoals:2 | Reached skill level 10 in Slings
 28479 | Shoals:2 | Received a gift from Trog
 28489 | Shoals:2 | Found Cude's Armour Shop.
 28540 | Shoals:2 | Found a glowing silver altar of Zin.
 28577 | Shoals:2 | Found Dodopayh's Book Boutique.
 29004 | Shoals:2 | Reached XP level 16. HP: 100/155 MP: 6/20
 29252 | Shoals:2 | Received a gift from Trog
 29580 | Shoals:2 | HP: 7/155 [poisoned by a merfolk impaler]
 29759 | Shoals:2 | Received a gift from Trog
 29929 | Shoals:2 | You fall through a shaft!
 30515 | Shoals:2 | Got a translucent hunting sling
 31266 | Shoals:2 | Identified the +6 hunting sling of Currency {flame, rPois rF+ SInv} (You took it off a merfolk impaler on level 2 of the Shoals)
 31424 | Shoals:3 | Received a gift from Trog
 32061 | Shoals:3 | Found Ixkolaqu's Antique Armour Boutique.
 32315 | Shoals:3 | Noticed a kraken
 32372 | Shoals:4 | Entered Level 4 of the Shoals
 32841 | Shoals:4 | Noticed Ilsuiw
 33346 | Shoals:4 | Hit by a javelin of penetration thrown by a merfolk javelineer

Skill      XL: |  1  2  3  4  5  6  7  8  9 10 11 12 13 14 15 16 |
---------------+-------------------------------------------------+-----
Maces & Flails | 4 5 6 7 8 10 11 13 15 16 17 18 | 18.5
Fighting       | 4 5 6 8 9 10 12 13 14 16 17 18 | 18.0
Dodging        | 3 4 5 6 7 8 9 10 12 | 12.0
Stealth        | 1 2 3 4 5 |  5.4
Armour         | 3 4 5 6 8 9 10 | 10.6
Slings         | 2 3 6 8 10 11 | 11.0
Evocations     | 1 3 4 6 7 |  7.7
Throwing       | 1 2 3 |  3.8
Shields        | 2 3 |  3.9

Action                   |  1- 3 |  4- 6 |  7- 9 | 10-12 | 13-15 | 16-18 || total
-------------------------+-------+-------+-------+-------+-------+-------++-------
Melee: Mace              |    68 |   101 |    78 |   227 |       |       ||   474
       Headbutt          |     4 |    19 |    38 |   176 |   324 |    74 ||   635
       Flail             |       |       |   131 |    50 |       |       ||   181
       Dire flail        |       |       |       |   403 |  1122 |   234 ||  1759
 Fire: Hunting sling     |       |     7 |    19 |     4 |   134 |    19 ||   183
Throw: Stone             |       |       |    16 |    33 |    17 |       ||    66
       Javelin           |       |       |       |       |    33 |     3 ||    36
       Tomahawk          |       |       |       |       |     5 |    19 ||    24
Invok: Berserk           |     1 |     3 |     8 |    14 |    29 |     7 ||    62
       Trog's Hand       |       |     1 |     3 |     1 |     4 |     5 ||    14
       Brothers in Arms  |       |       |       |       |     2 |     4 ||     6
       Burn Spellbooks   |       |       |       |       |     3 |       ||     3
 Abil: Evoke Flight      |       |       |       |       |     7 |    11 ||    18
Evoke: Wand              |       |       |       |       |     1 |     1 ||     2
  Use: Scroll            |       |       |     5 |    10 |    19 |    12 ||    46
       Potion            |       |       |       |       |       |     2 ||     2
 Stab: Sleeping          |     4 |     2 |     2 |       |    14 |     1 ||    23
       Distracted        |       |       |       |       |     4 |     1 ||     5
  Eat: Chunk             |     3 |     9 |    17 |    38 |    67 |    22 ||   156
       Beef jerky        |       |     1 |       |     1 |     2 |       ||     4
       Pizza             |       |       |       |       |     2 |       ||     2
       Bread ration      |       |       |       |       |     1 |       ||     1
       Fruit             |       |       |       |       |       |     2 ||     2
Armor: Animal skin       |     4 |       |       |       |       |       ||     4
       Robe              |     7 |       |       |       |   146 |    32 ||   185
       Leather armour    |     2 |    27 |    13 |       |       |       ||    42
       Chain mail        |       |       |    60 |   283 |   188 |       ||   531
Dodge: Dodged            |    39 |    62 |   101 |   260 |   786 |   212 ||  1460
Block: Buckler           |       |       |    13 |    37 |       |       ||    50
